 Dungeon Crawl Stone Soup version 0.31-a0-236-g9a0961fb85 (webtiles) character file.

Game seed: 7148626364683430876

125 qw the Shooter (level 4, -3/37 HPs)
             Began as a Minotaur Hexslinger on July 10, 2023.
             Killed from afar by Eustachio (5 damage)
             ... with a puff of flame
             ... on level 4 of the Dungeon.
             The game lasted 00:00:53 (2144 turns).

qw the Shooter (Minotaur Hexslinger)                Turns: 2144, Time: 00:00:53

Health: -3/37      AC:  4    Str: 12    XL:     4   Next: 82%
Magic:  4/4        EV: 17    Int: 10    God:
Gold:   165        SH:  0    Dex: 15    Spells: 4/5 levels left

rFire   . . .        Y - +1 sling
rCold   . . .        (no shield)
rNeg    + . .        f - +1 leather armour {rN+}
rPois   .            (helmet restricted)
rElec   .            (no cloak)
rCorr   .            (no gloves)
SInv    .            (no boots)
Will    .....        (no amulet)
Stlth   +            e - +5 ring of evasion
HPRegen 0.26/turn    (no ring)
MPRegen 0.09/turn

%: no passive effects
@: no status effects
A: horns 2, retaliatory headbutt
a: no special abilities


You were on level 4 of the Dungeon.
You visited 2 branches of the dungeon, and saw 5 of its levels.

You collected 165 gold pieces.


Innate Abilities, Weirdness & Mutations

You have a pair of horns on your head.
You reflexively headbutt those who attack you in melee.


   Skills:
 + Level 2.5 Fighting
 - Level 5.0 Ranged Weapons
 - Level 1.0 Armour
 - Level 2.1 Dodging
 - Level 1.0 Spellcasting
 - Level 2.0 Hexes


You had 4 spell levels left.
You knew the following spells:

 Your Spells              Type           Power      Damage    Failure   Level
a - Slow                  Hex            16%        N/A       19%         1

Your spell library contained the following spells:

 Spells                   Type           Power      Damage    Failure   Level
 Inner Flame              Hex/Fire       2%         N/A       65%         3
 Portal Projectile        Hex/Tloc       4%         N/A       65%         3
 Cause Fear               Hex            2%         N/A       88%         4

Inventory:

Hand Weapons
 Y - a +1 sling (weapon)
Armour
 f - a +1 leather armour of positive energy (worn)
Jewellery
 e - a +5 ring of evasion (left hand)
Scrolls
 d - a scroll of identify
Potions
 a - a potion of curing
 c - a potion of cancellation
 g - a potion of mutation
 h - a potion of haste
 k - a potion of heal wounds {unknown}

Dungeon Overview and Level Annotations

Branches:
Dungeon (4/15)             Temple (1/1) D:4

Altars:
Cheibriados
Fedhas
Hepliaklqana
Makhleb
Nemelex Xobeh
Ru
Uskayaw
Vehumet
Wu Jian
Xom
Yredelemnul
The Shining One

Annotations:
D:4 Eustachio


Message History

You shoot a sling bullet. The sling bullet hits the river rat.
You kill the river rat!
The river rat's corpse disappears in a puff of smoke!
You shoot a sling bullet.
The sling bullet hits Eustachio but does no damage.
Eustachio is heavily wounded.
You shoot a sling bullet. The sling bullet hits Eustachio.
Eustachio is heavily wounded.
You shoot a sling bullet.
The sling bullet barely misses Eustachio.
Eustachio misses you.
You shoot a sling bullet. The sling bullet hits Eustachio.
Eustachio is heavily wounded.
Eustachio casts a spell.
You shoot a sling bullet.
The sling bullet barely misses Eustachio.
The sling bullet hits the quokka but does no damage.
Eustachio hits you with a +0 falchion.
Eustachio screams, "This atrocity can only be purified with blood!"
Eustachio misses you.
You shoot a sling bullet.
The sling bullet hits Eustachio but does no damage.
Eustachio is heavily wounded.
The quokka twitches its whiskers.
Eustachio hits you with a +0 falchion. The quokka closely misses you.
You furiously retaliate!
You headbutt the quokka. You shoot a sling bullet.
The sling bullet barely misses the quokka.
Eustachio casts a spell.
Eustachio blinks!
The quokka barely misses you. The quokka closely misses you.
You shoot a sling bullet.
The sling bullet barely misses the quokka.
The sling bullet hits the river rat but does no damage.
The quokka closely misses you. The quokka misses you. You furiously retaliate!
You headbutt the quokka.
You kill the quokka!
The quokka's corpse disappears in a puff of smoke!
Eustachio yells, "Perjured traitor, DIE!"
Eustachio zaps a wand.
The puff of flame hits you.
You die...

############## ##
#..........#8###8##
###.......##........##
..+.......##.....ยค..8#
###.......##..@.@r.?##
##.....#####8##r..# #
#####.# ### ...# ###
#.# ...}# ..# #.#######
...## ).######.#.....#
..?# .........#.....#
.... ....)....'.....#
..... .#######.#.....#


You could see Eustachio, a river rat (summoned) and a quokka (summoned).

Vanquished Creatures
  An iguana (D:4)
  3 adders
  A gnoll (D:1)
  A worm (D:2)
  A dart slug (D:2)
  9 bats
  3 endoplasms
  A giant cockroach (D:1)
  6 goblins
  6 hobgoblins
  3 jackals (D:2)
  3 quokkas
  3 ball pythons
  2 frilled lizards (D:1)
  8 kobolds
  6 rats
57 creatures vanquished.

Notes
Turn   | Place    | Note
-------+----------+-------------------------------------------
     0 | D:1      | qw the Minotaur Hexslinger began the quest for the Orb.
     0 | D:1      | Reached XP level 1. HP: 16/16 MP: 1/1
     0 | D:1      | 0 ||| qw: Version: 0.3-a-52-g30416fa
     0 | D:1      | 0 ||| qw: Game counter: 4841
     0 | D:1      | 0 ||| qw: Melee chars always use a shield: true
     0 | D:1      | 0 ||| qw: God list: Okawaru
     0 | D:1      | 0 ||| qw: Allow faded altars: false
     0 | D:1      | 0 ||| qw: Do Orc after clearing Dungeon:15 true
     0 | D:1      | 0 ||| qw: Do second Lair branch before Depths: true
     0 | D:1      | 0 ||| qw: Lair rune preference: random
     0 | D:1      | 0 ||| qw: Goals: Normal
     0 | D:1      | 0 ||| PLANNING D:1-11
    61 | D:1      | Reached skill level 3 in Ranged Weapons
    63 | D:1      | Reached XP level 2. HP: 23/23 MP: 2/2
   538 | D:1      | Reached XP level 3. HP: 29/29 MP: 3/3
   889 | D:1      | 889 ||| UPGRADING to +5 ring of evasion.
   890 | D:1      | 890 ||| READING scroll labelled DEOCHEAMUES.
   891 | D:1      | 891 ||| READING scroll labelled IFECKEO WARU.
   892 | D:1      | 892 ||| READING scroll labelled LAJANO KIKLAT.
   893 | D:1      | 893 ||| DROPPING scroll of poison.
  1054 | D:2      | Reached skill level 4 in Ranged Weapons
  1337 | D:2      | 1337 ||| UPGRADING to +0 leather armour.
  1347 | D:2      | 1347 ||| UPGRADING to +0 ring mail.
  1357 | D:2      | 1357 ||| DROPPING +0 leather armour.
  1358 | D:2      | 1358 ||| DROPPING +0 robe.
  1359 | D:2      | 1359 ||| READING scroll labelled BOIMIJ GIPPASE.
  1360 | D:2      | 1360 ||| READING scroll labelled WASIADITIP.
  1361 | D:2      | 1361 ||| READING scroll labelled EBI FOBONUTZ.
  1362 | D:2      | 1362 ||| DRINKING 2 viscous golden potions.
  1395 | D:3      | Reached XP level 4. HP: 36/36 MP: 4/4
  1461 | D:3      | Found a faded altar of an unknown god.
  1675 | D:3      | Reached skill level 1 in Armour
  1794 | D:3      | 1794 ||| DRINKING 2 purple potions.
  1795 | D:3      | 1795 ||| READING 4 scrolls of identify.
  1795 | D:3      | 1795 ||| IDENTIFYING ruby potion
  1796 | D:3      | 1796 ||| READING 3 scrolls of identify.
  1796 | D:3      | 1796 ||| IDENTIFYING puce potion
  1797 | D:3      | 1797 ||| READING 2 scrolls of identify.
  1797 | D:3      | 1797 ||| IDENTIFYING metallic amethyst potion
  1798 | D:3      | 1798 ||| DROPPING potion of degeneration.
  1840 | D:4      | Reached skill level 5 in Ranged Weapons
  1962 | D:4      | Found a staircase to the Ecumenical Temple.
  1963 | D:4      | 1963 ||| PLANNING TEMPLE
  1963 | D:4      | 1963 ||| UPGRADING to +1 leather armour of positive energy.
  1973 | D:4      | 1973 ||| DROPPING +0 ring mail.
  1974 | D:4      | 1974 ||| READING scroll labelled BAOCSO LARAO.
  1984 | Temple   | Entered the Ecumenical Temple
  2073 | Temple   | 2073 ||| PLANNING D:1-11
  2123 | D:4      | Noticed Eustachio
  2134 | D:4      | HP: 6/37 [Eustachio/puff of flame (11)]
  2141 | D:4      | HP: 5/37 [Eustachio/+0 falchion (2)]
  2142 | D:4      | HP: 1/37 [Eustachio/+0 falchion (4)]
  2144 | D:4      | Killed from afar by Eustachio

Levels and vault maps discovered:
D:1:      lightli_arrival_flooded_house, layout_basic, feat_on_display
D:2:      layout_basic
D:3:      layout_basic, chequers_ecumenical_altar_simple_redux
D:4:      layout_basic, general_overflow_altar, minmay_temple_entry_mist,
          serial_corexii_hall, corexii_hall_statues_l, corexii_hall_statues_x,
          corexii_hall_statues_x, corexii_hall_statues_s,
          guppyfry_early_lair_pool, uniq_natasha, uniq_eustachio
Temple:   nicolae_temple_godzebo

Skill      XL: |  1  2  3  4 |
---------------+-------------+-----
Ranged Weapons | 3 4 5 |  5.0
Fighting       | 2 |  2.5
Armour         | 1 |  1.0
Dodging        | |  2.1
Spellcasting   | |  1.0
Hexes          | |  2.0

Action                     |  1- 3 |  4- 6 || total
---------------------------+-------+-------++-------
   Fire: Sling             |   130 |    58 ||   188
    Use: Scroll            |     6 |     4 ||    10
         Potion            |     1 |     1 ||     2
 Armour: Robe              |     3 |       ||     3
         Leather armour    |       |     1 ||     1
         Ring mail         |       |     1 ||     1
  Dodge: Dodged            |    41 |    25 ||    66

Table legend:
 A = Non-vault XP
 B = Vault XP
 C = Vault XP percentage of total XP
 D = Non-vault monster count
 E = Vault monster count
 F = Vault count percentage of total count
                 A         B        C        D         E       F
            +---------+---------+-------+---------+---------+-------
      Total |     179 |       0 |   0.0 |      57 |       0 |   0.0
            +---------+---------+-------+---------+---------+-------
        D:1 |      45 |       0 |   0.0 |      22 |       0 |   0.0
        D:2 |      50 |       0 |   0.0 |      19 |       0 |   0.0
        D:3 |      32 |       0 |   0.0 |      11 |       0 |   0.0
        D:4 |      52 |       0 |   0.0 |       5 |       0 |   0.0
            +---------+---------+-------+---------+---------+-------
